 Dungeon Crawl Stone Soup version 0.17.0-24-gcfadda4 (console) character file.

15419 Kloppie the Martial Artist (level 12, -1/67 HPs)
             Began as a Vine Stalker Monk on Nov 16, 2015.
             Was the Champion of Cheibriados.
             Slain by an elephant simulacrum (8 damage)
             ... in an ice cave.
             The game lasted 00:26:51 (9770 turns).

Kloppie the Martial Artist (Vine Stalker Monk)      Turns: 9770, Time: 00:26:51

Health: -1/67      AC:  8    Str: 30    XL:     12   Next: 26%
Magic:  0/20       EV: 28    Int: 35    God:    Cheibriados [******]
Gold:   787        SH:  0    Dex: 33    Spells: 0 memorised, 11 levels left

rFire  . . .     SeeInvis .       - Unarmed
rCold  . . .     Clarity  .     M - +1 leather armour of Misanthropy {MR+ Int+7 Stlth+}
rNeg   . . .     SustAt   .     (no shield)
rPois  .         Gourm    .     e - +0 hat
rElec  .         Spirit   +     F - +0 cloak
rCorr  .         Warding  .     L - +2 pair of gloves {archery}
rMut   .         Stasis   .     (no boots)
MR     +++..                    (no amulet)
Stlth  ++++......               v - +5 ring of evasion
                                f - ring of protection from magic

@: very slow, extremely resistant to hostile enchantments, stealthy
A: fangs 3, regeneration 3, magic shield, antimagic bite, no device heal 3, rot
immunity
a: Bend Time, Temporal Distortion, Slouch, Step From Time, Renounce Religion


You were in an ice cave.
You worshipped Cheibriados.
Cheibriados was exalted by your worship.
You were not hungry.

You visited 3 branches of the dungeon, and saw 14 of its levels.
You also visited: Sewer and Ice Cave.

You collected 1097 gold pieces.
You spent 310 gold pieces at shops.

Inventory:

Missiles
 y - 36 poisoned needles
Armour
 e - a +0 hat (worn)
 F - a +0 cloak (worn)
 L - a +2 pair of gloves of archery (worn)
 M - the +1 leather armour of Misanthropy (worn) {MR+ Int+7 Stlth+}
   (You bought it in a shop on level 8 of the Dungeon)

   It affects your intelligence (+7).
   It affects your resistance to hostile enchantments.
   It makes you more stealthy.
 O - a troll hide
Jewellery
 c - an uncursed ring of flight
 f - a ring of protection from magic (left hand)
 r - an uncursed ring of sustain attributes
 v - a +5 ring of evasion (right hand)
 J - an uncursed ring of teleportation
Wands
 A - a wand of draining (13)
 E - a wand of lightning (7)
 I - a wand of lightning (5)
Scrolls
 d - 2 scrolls of remove curse
 j - 2 scrolls of teleportation
 q - a scroll of noise
 s - a scroll of magic mapping
 w - 4 scrolls of enchant weapon
 K - a scroll of recharging
 Q - a scroll of silence {unknown}
 U - a scroll of acquirement {unknown}
 W - a scroll of vulnerability {unknown}
Potions
 i - 4 potions of curing
 k - a potion of flight {unknown}
 l - a potion of resistance {unknown}
 m - 2 potions of magic {unknown}
 o - a potion of agility
 p - 2 potions of poison {unknown}
 t - 2 potions of brilliance {unknown}
 u - 2 potions of lignification {unknown}
 x - 5 potions of invisibility {unknown}
 B - a potion of cancellation {unknown}
 C - a potion of heal wounds {unknown}
 D - a potion of mutation {unknown}
 X - 2 potions of might {unknown}
Books
 G - a book of Callings

   Spells                             Type                      Level
   a - Summon Small Mammal            Summoning                    1
   b - Call Imp                       Summoning                    2
   c - Call Canine Familiar           Summoning                    3
   d - Summon Guardian Golem          Hexes/Summoning              3
   e - Summon Lightning Spire         Summoning/Air                4
   f - Summon Ice Beast               Ice/Summoning                4
 N - a book of the Dragon

   Spells                             Type                      Level
   a - Flame Tongue                   Conjuration/Fire             1
   b - Cause Fear                     Hexes                        4
   c - Bolt of Fire                   Conjuration/Fire             6
   d - Dragon Form                    Transmutation                7
   e - Dragon's Call                  Summoning                    9
 P - a book of Minor Magic

   Spells                             Type                      Level
   a - Magic Dart                     Conjuration                  1
   b - Blink                          Translocation                2
   c - Call Imp                       Summoning                    2
   d - Repel Missiles                 Charms/Air                   2
   e - Slow                           Hexes                        2
   f - Conjure Flame                  Conjuration/Fire             3
   g - Mephitic Cloud                 Conjuration/Poison/Air       3
 T - a book of Unlife

   Spells                             Type                      Level
   a - Recall                         Summoning/Translocation      3
   b - Animate Dead                   Necromancy                   4
   c - Control Undead                 Necromancy                   4
   d - Cigotuvi's Embrace             Necromancy                   5
   e - Death Channel                  Necromancy                   6
   f - Simulacrum                     Ice/Necromancy               6
Miscellaneous
 g - an ornate deck of summoning
Comestibles
 a - 7 chunks of flesh
 b - 13 bread rations
 h - 3 meat rations
 n - 3 beef jerkies
 H - 3 fruits


   Skills:
 + Level 9.9 Fighting
 + Level 8.8 Dodging
 - Level 2.4 Stealth
 - Level 10.0 Unarmed Combat
 - Level 10.0 Invocations


You had 11 spell levels left.
You didn't know any spells.

Dungeon Overview and Level Annotations

Branches:
Dungeon (10/15)            Temple (1/1) D:4            Lair (0/8) D:9
    Orc (3/4) D:10
    Elf: Orc:3-4

Altars:
Ashenzari
Cheibriados
Dithmenos
Elyvilon
Fedhas
Gozag
Kikubaaqudgha
Makhleb
Nemelex Xobeh
Okawaru
Qazlal
Ru
Sif Muna
Trog
Vehumet
Xom
Yredelemnul
Zin
The Shining One

Shops:
D:4 :   D:8 [


Innate Abilities, Weirdness & Mutations

You have razor-sharp teeth.
You regenerate.
When hurt, damage is shared between your health and your magic reserves.
Your bite disrupts and absorbs the magic of your enemies.
Potions and wands cannot restore your health.
You are immune to rotting.


Message History

You bite the death yak simulacrum, but do no damage.
The wolf simulacrum completely misses you.
The elephant simulacrum tramples you. The elephant simulacrum freezes you!!
* * * LOW HITPOINT WARNING * * *
The elephant simulacrum closely misses you.
You are too injured to fight recklessly!
You are too injured to fight recklessly!
You are too injured to fight recklessly!
You hit the death yak simulacrum.
You bite the death yak simulacrum, but do no damage.
The wolf simulacrum completely misses you.
The death yak simulacrum completely misses you.
The wolf simulacrum bites you!
* * * LOW HITPOINT WARNING * * *
The wolf simulacrum freezes you.
* * * LOW HITPOINT WARNING * * *
The elephant simulacrum tramples you!
* * * LOW HITPOINT WARNING * * *
The elephant simulacrum freezes you!
You die...

#### ##..## #
###....##
....##Z......#
#....Z@.∩.∩.#
##.Z.Z......#
##..##....##
### ##..##
####


You could see 2 wolf simulacra, a death yak simulacrum and an elephant
simulacrum.

Vanquished Creatures
  Gastronok (Orc:1)
  Josephine (D:10)
  The ghost of Azhtabak the Carver, a novice DEBe of Trog (D:10)
  The ghost of profreshinal the Covert, a novice DsAs of Xom (D:8)
  Pikel (D:7)
  Maurice (D:8)
  The ghost of Yendor the Magician, a novice DEIE of Sif Muna (D:6)
  Psyche (D:10)
  4 trolls
  A two-headed ogre (Orc:2)
  A trapdoor spider zombie (D:9)
  A wyvern (D:10)
  4 wraiths (D:10)
  A spriggan (D:9)
  Grum (D:8)
  A deep elf mage (D:9)
  3 steam dragons
  A hippogriff (D:9)
  3 wolves (D:8)
  2 wargs (D:9)
  2 ice beasts
  2 water moccasins
  Purgy (Sewer)
  12 orc warriors
  2 slaves (D:7)
  A necrophage (D:5)
  A sky beast (D:7)
  3 phantoms
  11 ogres
  3 centaurs
  5 big kobolds
  7 giant frogs
  A gnoll sergeant (D:10)
  A scorpion (D:8)
  5 wights
  6 crimson imps
  13 killer bees
  3 hounds
  A gnoll shaman (D:8)
  A centaur skeleton (D:10)
  3 jellies
  16 orc wizards
  Crazy Yiuf (D:7)
  17 orc priests
  2 giant frog skeletons
  2 iguanas
  5 worker ants
  2 hound skeletons
  2 hound zombies
  19 adders
  8 gnolls
  A hound simulacrum (D:10)
  2 shadow imps
  2 adder skeletons (D:8)
  An adder zombie (D:7)
  An ooze (D:5)
  6 worms
  5 giant geckos
  108 orcs
  6 giant cockroaches
  8 hobgoblins
  6 quokkas
  A ball python (D:5)
  6 bats
  A giant gecko skeleton (D:4)
  8 giant newts
  9 goblins
  4 jackals (D:1)
  20 kobolds
  A quokka skeleton (D:9)
  7 rats
392 creatures vanquished.

Vanquished Creatures (others)
  An iguana (D:6)
  A worker ant (D:8)
  An adder (D:4)
  An orc (D:8)
  A quokka (D:8)
  A rat (D:4)
6 creatures vanquished.

Grand Total: 398 creatures vanquished

Notes
Turn   | Place    | Note
--------------------------------------------------------------
     0 | D:1      | Kloppie the Vine Stalker Monk began the quest for the Orb.
     0 | D:1      | Reached XP level 1. HP: 11/11 MP: 2/2
   130 | D:1      | Reached XP level 2. HP: 8/16 MP: 3/3
   764 | D:2      | Reached XP level 3. HP: 12/20 MP: 2/4
  1113 | D:2      | Reached XP level 4. HP: 22/25 MP: 5/5
  1334 | D:2      | Reached skill level 5 in Unarmed Combat
  1782 | D:3      | Reached XP level 5. HP: 26/29 MP: 4/6
  2316 | D:4      | Found Ashraargh's Book Boutique.
  2587 | D:4      | Found a white marble altar of Elyvilon.
  2858 | D:4      | Found a staircase to the Ecumenical Temple.
  2867 | Temple   | Entered the Ecumenical Temple
  3084 | D:5      | Entered Level 5 of the Dungeon
  3172 | D:5      | Gained mutation: You heal very quickly. [Vine Stalker growth]
  3172 | D:5      | Reached XP level 6. HP: 29/34 MP: 7/7
  3221 | D:5      | Found a sacrificial altar of Ru.
  3222 | D:5      | Found a deep blue altar of Sif Muna.
  3585 | D:5      | Found a glowing drain.
  3613 | Sewer    | Entered a sewer
  3672 | Sewer    | Noticed Purgy
  3686 | Sewer    | Killed Purgy
  3686 | Sewer    | Reached skill level 5 in Fighting
  3686 | Sewer    | Reached skill level 6 in Unarmed Combat
  3686 | Sewer    | Reached XP level 7. HP: 26/39 MP: 8/8
  3817 | D:5      | Found a bloodstained altar of Trog.
  3912 | D:5      | Noticed an ice beast
  3928 | D:5      | Killed an ice beast
  4056 | D:5      | Noticed an ogre
  4064 | D:5      | Killed an ogre
  4394 | D:6      | Noticed Yendor's ghost (novice DEIE)
  4422 | D:6      | Killed Yendor's ghost
  4422 | D:6      | Gained mutation: You have razor-sharp teeth. [Vine Stalker growth]
  4422 | D:6      | Reached XP level 8. HP: 23/44 MP: 7/9
  4484 | D:6      | Reached skill level 7 in Unarmed Combat
  4547 | D:6      | Found a stormy altar of Qazlal.
  4630 | D:5      | Reached skill level 5 in Dodging
  5554 | D:5      | Reached XP level 9. HP: 49/49 MP: 10/10
  5761 | D:7      | Reached skill level 8 in Unarmed Combat
  5829 | D:7      | Noticed Crazy Yiuf
  5836 | D:7      | Killed Crazy Yiuf
  5846 | D:7      | Got a polished mace
  5847 | D:7      | Identified the +11 mace of Irritation {freeze, +Blink rElec Dex-2 Stlth+} (You found it on level 7 of the Dungeon)
  5905 | D:7      | Noticed Pikel
  5956 | D:7      | Killed Pikel
  6248 | D:7      | Found a sacrificial altar of Ru.
  6325 | D:8      | Noticed Maurice
  6351 | D:8      | Killed Maurice
  6373 | D:8      | Reached skill level 9 in Unarmed Combat
  6380 | D:8      | Reached XP level 10. HP: 49/56 MP: 11/11
  6429 | D:8      | Found a shimmering altar of Xom.
  6735 | D:8      | Found a glowing silver altar of Zin.
  6748 | D:8      | Noticed Grum
  6772 | D:8      | Killed Grum
  6856 | D:8      | Found Qodgh's Antique Armour Shoppe.
  6862 | D:8      | Bought a pair of embroidered gloves for 121 gold pieces
  6862 | D:8      | Bought a warped leather armour for 189 gold pieces
  6872 | D:8      | Identified the +1 leather armour of Misanthropy {MR+ Int+7 Stlth+} (You bought it in a shop on level 8 of the Dungeon)
  7101 | D:8      | Noticed profreshinal's ghost (novice DsAs)
  7145 | D:8      | Killed profreshinal's ghost
  7250 | D:8      | Reached skill level 10 in Unarmed Combat
  7307 | D:8      | Found a snail-covered altar of Cheibriados.
  7342 | D:8      | Found a basalt altar of Yredelemnul.
  7353 | D:8      | Became a worshipper of Cheibriados the Contemplative
  7353 | D:8      | Reached * piety under Cheibriados
  7353 | D:8      | Reached ** piety under Cheibriados
  7513 | D:9      | Found a staircase to the Lair.
  7556 | D:9      | Reached skill level 1 in Invocations
  7619 | D:9      | Reached XP level 11. HP: 57/62 MP: 13/13
  7812 | D:9      | Reached *** piety under Cheibriados
  7874 | D:9      | Found a blossoming altar of Fedhas.
  8053 | D:10     | Entered Level 10 of the Dungeon
  8053 | D:10     | Noticed Azhtabak's ghost (novice DEBe)
  8087 | D:10     | Killed Azhtabak's ghost
  8193 | D:10     | Noticed Josephine
  8203 | D:10     | Killed Josephine
  8203 | D:10     | Reached skill level 5 in Invocations
  8375 | D:10     | Noticed Psyche
  8384 | D:10     | Killed Psyche
  8431 | D:10     | Found a staircase to the Orcish Mines.
  8461 | D:10     | Reached **** piety under Cheibriados
  8887 | Orc:1    | Entered Level 1 of the Orcish Mines
  8889 | Orc:1    | Reached ***** piety under Cheibriados
  9041 | Orc:1    | Gained mutation: You regenerate. [Vine Stalker growth]
  9041 | Orc:1    | Reached XP level 12. HP: 51/67 MP: 15/19
  9138 | Orc:1    | Noticed Gastronok
  9153 | Orc:1    | Killed Gastronok
  9153 | Orc:1    | Reached skill level 10 in Invocations
  9464 | Orc:2    | Reached ****** piety under Cheibriados
  9724 | Orc:3    | Found a frozen archway.
  9762 | IceCv    | Entered an ice cave
  9770 | IceCv    | Slain by an elephant simulacrum

Action                   |  1- 3 |  4- 6 |  7- 9 | 10-12 || total
-------------------------+-------+-------+-------+-------++-------
Melee: Unarmed           |    90 |   260 |   313 |   764 ||  1427
  Use: Scroll            |       |       |    14 |     1 ||    15
 Stab: Sleeping          |     7 |    12 |     3 |    18 ||    40
       Distracted        |       |       |       |     3 ||     3
  Eat: Chunk             |     1 |     8 |     7 |     9 ||    25
       Pizza             |       |       |     1 |       ||     1
